 Dungeon Crawl Stone Soup version 0.30-a0-159-g068b764562 (webtiles) character file.

Game seed: 5203067677488354718

141843 Flugkiller the Alchemist (level 17, -6/178 HPs)
             Began as an Ogre Reaver on Sept 27, 2022.
             Was a Follower of Uskayaw.
             Mangled by a spriggan berserker
             ... wielding a +0 hand axe
              (15 damage)
             ... on level 4 of the Swamp.
             The game lasted 00:56:54 (45588 turns).

Flugkiller the Alchemist (Ogre Reaver)             Turns: 45588, Time: 00:56:55

Health: -6/178     AC: 17    Str: 20    XL:     17   Next: 34%
Magic:  40/40      EV: 21    Int: 20    God:    Uskayaw [*.....]
Gold:   595        SH:  0    Dex:  7    Spells: 18/36 levels left

rFire   . . .      SeeInvis .      - Unarmed
rCold   . . .      Faith    .    (shield currently unavailable)
rNeg    . . .      Spirit   .    (body armour currently unavailable)
rPois   ∞          Reflect  .    (helmet currently unavailable)
rElec   +          Harm     .    (cloak currently unavailable)
rCorr   .          Rampage  .    (gloves unavailable)
Will    ++...                    (boots unavailable)
Stlth   +.........               j - amulet of magic regeneration
HPRegen 0.39/turn                B - ring "Hoajuoh" {Will+ MP+9 Slay+6}
MPRegen 0.67/turn                v - +4 ring of evasion

@: storm-form, blinkbolt cooldown, flying, very slightly contaminated
A: cleaving, insubstantial, flying, large, unfitting armour, (tough skin 1)
a: Blinkbolt, End Transformation, Renounce Religion, Stomp


You were on level 4 of the Swamp.
You worshipped Uskayaw.
Uskayaw was aware of your devotion.
You were a lightning-filled tempest!
You visited 5 branches of the dungeon, and saw 26 of its levels.
You also visited: Sewer and Bailey.

You collected 2584 gold pieces.
You spent 1989 gold pieces at shops.

Inventory:

Hand Weapons
 P - the +8 flail of the Blue Skies (melded) {vorpal, *Rage +Blink Int+8 Stlth+}
   (You bought it in a shop on level 5 of the Dungeon)

   It inflicts extra damage upon your enemies.
   Int:       It affects your intelligence (+8).
   +Blink:    It lets you blink.
   *Rage:     It berserks you when you make melee attacks (+20% chance).
   Stlth:     It makes you more stealthy.
Missiles
 y - 3 curare-tipped darts
 T - a throwing net
Armour
 N - +0 steam dragon scales (melded)
   (You found it on level 7 of the Dungeon)
 S - a +1 cloak (melded)
   (You found it on level 5 of the Lair of Beasts)
 U - a +1 hat (melded)
   (You found it on level 11 of the Dungeon)
 Z - a +0 troll leather armour
   (You found it on level 14 of the Dungeon)
Jewellery
 j - an amulet of magic regeneration (around neck)
   (You found it on level 5 of the Dungeon)
 m - a ring of willpower
   (You found it on level 4 of the Swamp)
 s - a ring of wizardry
   (You found it on level 4 of the Swamp)
 v - a +4 ring of evasion (right fist)
   (You found it on level 5 of the Lair of Beasts)
 B - the ring "Hoajuoh" (left fist) {Will+ MP+9 Slay+6}
   (You bought it in a shop on level 2 of the Orcish Mines)

   [ring of magical power]

   Slay:      It affects your accuracy & damage with ranged weapons and melee
   (+6).
   MP:        It affects your magic capacity (+9).
   Will:      It increases your willpower.
 R - the ring of Grontol {rPois rC+ Will+ Int-3 Stlth+}
   (You found it on level 2 of the Lair of Beasts)

   [ring of poison resistance]

   Int:       It affects your intelligence (-3).
   rC:        It protects you from cold.
   rPois:     It protects you from poison.
   Will:      It increases your willpower.
   Stlth:     It makes you more stealthy.
Wands
 b - a wand of polymorph (12)
   (You found it on level 1 of the Swamp)
 k - a wand of paralysis (16)
   (You took it off Ijyb on level 5 of the Dungeon)
 p - a wand of mindburst (11)
   (You found it on level 3 of the Swamp)
 u - a wand of digging (13)
   (You found it on level 13 of the Dungeon)
 A - a wand of flame (26)
   (You found it on level 2 of the Dungeon)
 C - a wand of quicksilver (11)
   (You found it on level 7 of the Dungeon)
 G - a wand of iceblast (5)
   (You found it on level 7 of the Dungeon)
Scrolls
 e - a scroll of silence
 f - 4 scrolls of vulnerability
 i - 3 scrolls of immolation
 l - 6 scrolls of enchant armour
 r - 4 scrolls of identify
 t - 3 scrolls of teleportation
 F - 5 scrolls of butterflies
 H - 2 scrolls of enchant weapon
 K - 2 scrolls of brand weapon
 O - 3 scrolls of fear
 Q - 3 scrolls of amnesia
 V - a scroll of poison
 X - a scroll of magic mapping
Potions
 a - a potion of cancellation
 c - 5 potions of mutation
 d - 8 potions of might
 g - 2 potions of magic {unknown}
 h - 3 potions of haste
 n - a potion of resistance
 o - 6 potions of lignification
 q - 16 potions of curing
 w - 2 potions of heal wounds
 x - 6 potions of flight
 D - 3 potions of attraction
 E - 4 potions of invisibility
 I - 2 potions of berserk rage
 J - 3 potions of brilliance
 M - a potion of ambrosia
Miscellaneous
 L - a piece from Xom's chessboard (15/15)
   (You found it on level 5 of the Lair of Beasts)
 W - a lightning rod (4/4)
   (You found it on level 4 of the Lair of Beasts)
 Y - a tin of tremorstones (2/2)
   (You found it on level 3 of the Swamp)


   Skills:
 + Level 13.2 Fighting
 - Level 4.0 Maces & Flails
 + Level 2.6 Dodging
 + Level 10.2 Unarmed Combat
 + Level 10.2 Spellcasting
 - Level 9.0 Conjurations
 - Level 2.0 Necromancy
 + Level 15.1 Transmutations
 - Level 1.0 Fire Magic
 - Level 4.0 Ice Magic
 - Level 12.0 Air Magic
 - Level 1.0 Earth Magic
 + Level 10.2 Invocations
 - Level 5.0 Evocations


You had 18 spell levels left.
You knew the following spells:

 Your Spells              Type           Power      Damage    Failure   Level
a - Kiss of Death         Conj/Necr      100%       2d13      1%          1
b - Volcanic Tap          Conj/Fire/Erth 48%        3d10      2%          2
c - Hailstorm             Conj/Ice       36%        3d9       1%          3
d - Storm Form            Tmut/Air       29%        N/A       22%         7
i - Irradiate             Conj/Tmut      27%        3d20      1%          5

Your spell library contained the following spells:

 Spells                   Type           Power      Damage    Failure   Level
 Shock                    Conj/Air       100%       1d9       1%          1
 Passwall                 Tmut/Erth      35%        N/A       1%          2
 Mephitic Cloud           Conj/Pois/Air  38%        N/A       1%          3
 Swiftness                Air            55%        N/A       1%          3
 Airstrike                Air            27%        2d(4-20)  1%          4
 Blade Hands              Tmut           31%        N/A       1%          5
 Ignite Poison            Fire/Tmut/Pois 31%        N/A       2%          3
 Stone Arrow              Conj/Erth      60%        3d10      2%          3
 Petrify                  Tmut/Erth      42%        N/A       2%          4
 Kindle Blastsparks       Fire/Tloc/Air  54%        2d14      3%          3
 Ensorcelled Hibernation  Hex/Ice        36%        N/A       4%          2
 Sublimation of Blood     Necr           18%        N/A       4%          2
 Summon Lightning Spire   Summ/Air       34%        N/A       6%          4
 Freezing Cloud           Conj/Ice/Air   21%        6-21      6%          5
 Blink                    Tloc           20%        N/A       11%         2
 Gell's Gravitas          Tloc           10%        N/A       21%         3
 Lesser Beckoning         Tloc           10%        N/A       21%         3
 Portal Projectile        Hex/Tloc       20%        N/A       21%         3
 Teleport Other           Tloc           10%        N/A       21%         3
 Tukima's Dance           Hex            10%        N/A       21%         3
 Animate Dead             Necr           18%        N/A       30%         4
 Animate Armour           Summ/Erth      24%        N/A       50%         4
 Manifold Assault         Tloc           10%        N/A       56%         4
 Summon Forest            Summ/Tloc      5%         N/A       88%         5
 Summon Mana Viper        Hex/Summ       10%        N/A       88%         5
 Maxwell's Capacitive Co  Air            27%        ∞         97%         8
 Summon Cactus Giant      Summ           5%         N/A       100%        6
 Haunt                    Necr/Summ      7%         N/A       100%        7
 Infestation              Necr           9%         N/A       100%        8
 Lehudib's Crystal Spear  Conj/Erth      15%        10d5      100%        8


Dungeon Overview and Level Annotations

Branches:
Dungeon (14/15) Zot: 24525  Temple (1/1) D:4 Zot: 5985    Lair (5/5) D:8 Zot: 18837
  Swamp (4/4) Lair:3 Zot: 19253  Spider (0/4) Lair:3        Slime (0/5) Lair:5
    Orc (2/2) D:10 Zot: 10406     Elf (0/3) Orc:2        Vaults (0/5) D:14
  Sewer (visited)          Bailey (visited)

Altars:
Ashenzari
Cheibriados
Dithmenos
Elyvilon
Fedhas
Gozag
Hepliaklqana
Kikubaaqudgha
Makhleb
Nemelex Xobeh
Okawaru
Qazlal
Ru
Sif Muna
Trog
Uskayaw
Vehumet
Wu Jian
Xom
Yredelemnul
Zin
The Shining One

Shops:
D:5 (   D:12 ?   Orc:1 (   Orc:2 *!=*

Annotations:
D:4 Eustachio
D:13 exclusion: downstairs
D:14 Ticzumol's ghost, journeyman DEFE
Lair:4 exclusion: oklob plant


Innate Abilities, Weirdness & Mutations

You are a lightning-filled tempest!
Your electrical attacks strike out in all directions at once.
You are incredibly evasive.
Your insubstantial body is immune to petrification, constriction, and being set on fire You are flying.
You are immune to poison.
Your armour is entirely melded.
You are incapable of wielding weapons or throwing items.
You are too large for most types of armour.
((You have tough skin. (AC +1)))


Message History

The spriggan berserker utters an invocation to Trog.
The spriggan berserker goes berserk!
The eight-headed hydra bites you.
The eight-headed hydra completely misses you.
The eight-headed hydra misses you.
The eight-headed hydra completely misses you.
The eight-headed hydra bites you but does no damage.
The eight-headed hydra bites you.
The eight-headed hydra bites you but does no damage.
The eight-headed hydra bites you.
The spriggan air mage waves its arms in wide circles.
The air twists around and strikes you!!
You buffet the eight-headed hydra!
You punch the eight-headed hydra!
The eight-headed hydra is moderately wounded.
The thorn hunter gestures.
The eight-headed hydra bites you! The eight-headed hydra misses you.
The eight-headed hydra bites you.
The eight-headed hydra barely misses you.
The eight-headed hydra bites you.
The eight-headed hydra closely misses you.
The eight-headed hydra bites you!
The eight-headed hydra bites you but does no damage.
The spriggan rider hits you but does no damage.
You batter the eight-headed hydra!!
The eight-headed hydra is heavily wounded.
The spriggan berserker hits you with a +0 hand axe!
The teleport trap disappears.
The swamp dragon disappears!
The eight-headed hydra misses you. The eight-headed hydra bites you!
The eight-headed hydra bites you. x2
The eight-headed hydra completely misses you.
The eight-headed hydra bites you but does no damage.
The eight-headed hydra completely misses you.
The eight-headed hydra bites you but does no damage.
You can now pass through a line of other dancers.
Casting: Storm Form (dangerous; 22% risk of failure)
Confirm with . or Enter, or press ? or * to list all spells.
You erupt in a fountain of uncontrolled magic!
The spriggan berserker is blasted with magical radiation!!!
The spriggan berserker is heavily wounded.
The spriggan berserker twists and deforms.
The eight-headed hydra is blasted with magical radiation!!
The eight-headed hydra is almost dead.
The eight-headed hydra twists and deforms.
You are very lightly contaminated with residual magic.
The spriggan berserker closely misses you.
The spriggan rider hits you from afar with a +0 spear!!
The spriggan air mage waves its arms in wide circles.
The air twists around and strikes you!
The spriggan rider hits you from afar with a +0 spear!
* * * LOW HITPOINT WARNING * * *
A four-headed hydra comes into view.
The eight-headed hydra barely misses you. x2
The eight-headed hydra bites you.
* * * LOW HITPOINT WARNING * * *
The eight-headed hydra misses you. The eight-headed hydra bites you!
* * * LOW HITPOINT WARNING * * *
The eight-headed hydra barely misses you.
The eight-headed hydra completely misses you.
The eight-headed hydra closely misses you.
The spriggan berserker hits you with a +0 hand axe!
* * * LOW HITPOINT WARNING * * *
Blink to where?
Press: ? - help, Dir - move target
As you read the scroll of blinking, it crumbles to dust.
Unknown command.
Unknown command.
Aiming: Blinkbolt
Press: ? - help, Dir - move target, f - briar patch
Aim: a briar patch (100% to hit)
The shock of your passage hits the briar patch!!!
You destroy the briar patch!
The shock of your passage hits the briar patch!!!
You destroy the briar patch!
The shock of your passage hits the briar patch!
The briar patch is almost destroyed.
The shock of your passage hits the briar patch!
The briar patch is heavily damaged.
The shock of your passage hits the briar patch!
You destroy the briar patch!
You blink.
Unknown command.
Unknown command.
You hear a shout!
You hear a shout!
You hear a shout!
The briar patch crumbles away. x4
You can no longer pass through a line of other dancers.
The spriggan berserker rages.
Okay, then.
Unknown command.
You feel much better.
The spriggan air mage waves its arms in wide circles.
The air twists around and strikes you!!!
* * * LOW HITPOINT WARNING * * *
Okay, then.
You feel much better.
The spriggan air mage waves its arms in wide circles.
The air twists around and strikes you!!
* * * LOW HITPOINT WARNING * * *
The spriggan berserker hits you with a +0 hand axe!
You die...

♣♣♣♣ ♣♣♣♣♣♣~~♣♣♣♣♣ ♣♣♣♣♣♣
♣~.♣..~~.♣~~♣♣♣♣....♣
♣.....~~~.~~.~♣...~~.
♣♣♣.iiv..~~.~~~~.~♣♣.~.
♣♣♣♣♣♣♣♣~.~~~..~~...~~...♣♣♣♣♣
♣♣..~...~~~~~~..~~.~~~~~♣~.♣
♣♣♣.~~....~~~~~~~~....~~~.♣♣♣♣
§.~....~~.~~~~~~~.....~~~.♣
~~...♣.~~i.♣.~~~~..~~~..♣♣♣
~~~÷÷.PP..~♣♣.~~~.~~~~.♣♣♣♣♣♣
~§~÷§P.P.♣♣~....♣..~~~♣♣ ♣..♣♣
~~♣.÷~~~P...~~.♣♣.~..~♣
♣♣.~♣♣♣♣


You could see a spriggan rider, a spriggan berserker (berserk, misshapen) and a
spriggan air mage (repels missiles).

Vanquished Creatures
  Bai Suzhen (Swamp:3)
  2 liches (D:14)
  3 ghouls (Swamp:2)
  Nessos (Lair:5)
  3 eleionomae (Swamp:4)
  4 bunyips
  A fire dragon (D:14)
  2 shambling mangroves
  The ghost of Pim the Thaumaturge, a journeyman GnVM of Cheibriados (D:11)
  An ettin (Orc:1)
  4 vault guards (D:14)
  3 ghost crabs
  14 hydras
  4 ogre magi (Orc:2)
  3 catoblepae (Lair:5)
  4 centaur warriors (D:14)
  12 alligators
  19 two-headed ogres
  2 tengu warriors (D:14)
  2 boulder beetles
  Urug (Orc:1)
  15 death yaks
  Nergalle (D:10)
  A goliath frog (shapeshifter) (D:8)
  4 spriggan druids
  3 goliath frogs
  8 swamp dragons
  An orb spider (Lair:3)
  9 bog bodies
  3 deep elf pyromancers
  2 wolf spider zombies (D:12)
  A wizard (D:14)
  An orc knight (Orc:2)
  10 ugly things
  2 will-o-the-wisps (Swamp:2)
  3 manticores
  An orc sorcerer (Orc:2)
  3 cyclopes
  14 centaur zombies (D:12)
  4 black mambas
  4 elephants (Lair:5)
  8 spectral spriggans (Swamp:2)
  A torpor snail (Lair:4)
  2 unseen horrors
  A gargoyle (D:12)
  13 cane toads
  An efreet (D:14)
  Psyche (D:10)
  A rime drake (Lair:5)
  7 komodo dragons
  2 tengu conjurers (D:14)
  2 freezing wraiths (Swamp:2)
  2 bloated husks (Swamp:2)
  6 tyrant leeches
  6 trolls
  6 hornets
  15 blink frogs
  5 slime creatures (D:12)
  A meliai zombie (D:12)
  Sigmund (D:5)
  9 shadows
  7 vampires
  3 spriggans
  7 wraiths
  A basilisk (D:13)
  A steam dragon (D:7)
  2 wyverns
  54 yaks
  12 vampire mosquitoes
  3 wargs (Orc:1)
  18 swamp worms
  2 acid dragons
  Edmund (D:4)
  10 water moccasins
  5 swamp drakes
  An ice beast (D:3)
  19 orc warriors
  3 black bears
  23 ogres
  16 wolves
  13 centaurs
  2 phantoms (D:5)
  5 kobold brigands
  9 bullfrogs
  A necrophage (D:7)
  2 gnoll sergeants
  3 scorpions
  A two-headed ogre simulacrum (D:11)
  3 wights (D:7)
  10 killer bees (D:9)
  A howler monkey (D:10)
  3 electric eels
  A crimson imp (D:5)
  A hound (D:6)
  A gnoll bouda (Orc:1)
  10 orc priests
  3 jellies
  Ijyb (D:5)
  2 iguanas
  2 boggart zombies (D:12)
  15 orc wizards
  6 hell rats
  2 spriggan simulacra (D:11)
  A troll simulacrum (D:11)
  22 gnolls
  A howler monkey zombie (D:7)
  7 adders
  2 river rats
  A shadow imp (D:6)
  3 white imps
  An ufetubus (D:6)
  2 worms
  3 dart slugs
  80 orcs
  6 ball pythons
  2 bats (D:3)
  6 endoplasms
  5 giant cockroaches
  13 hobgoblins
  5 jackals
  3 quokkas
  2 frilled lizards
  19 goblins
  43 kobolds
  10 rats
  3 briar patches (Swamp:4)
  A bush (Lair:4)
793 creatures vanquished.

Vanquished Creatures (others)
  A two-headed ogre (D:10)
  A swamp dragon (Swamp:1)
  A cyclops (D:8)
  5 bloated husks
  A basilisk (D:11)
  A swamp drake (Swamp:1)
  An ice beast (D:8)
  A wyvern zombie (D:7)
  A hound (D:5)
  Robin (D:1)
  3 adders
  A gnoll (D:9)
  A river rat (Sewer)
  3 orcs
  A ball python (D:2)
  A hobgoblin (D:2)
  5 briar patches (Swamp:4)
  4 foxfires (Swamp:2)
  35 fungi
  153 plants
  14 withered plants
235 creatures vanquished.

Grand Total: 1028 creatures vanquished

Notes
Turn   | Place    | Note
-------+----------+-------------------------------------------
     0 | D:1      | Flugkiller the Ogre Reaver began the quest for the Orb.
     0 | D:1      | Reached XP level 1. HP: 22/22 MP: 3/3
   122 | D:1      | Reached XP level 2. HP: 24/29 MP: 3/5
   419 | D:1      | Learned a level 2 spell: Volcanic Tap
   693 | D:1      | Reached XP level 3. HP: 37/37 MP: 7/7
  1060 | D:2      | Noticed Robin
  1484 | D:2      | Reached XP level 4. HP: 31/46 MP: 8/8
  2138 | D:1      | Learned a level 3 spell: Hailstorm
  2309 | D:1      | Killed Robin
  3156 | D:2      | Found a faded altar of an unknown god.
  3394 | D:3      | Reached XP level 5. HP: 50/54 MP: 10/10
  3519 | D:3      | Found a bloodstained altar of Trog.
  3742 | D:3      | Noticed an ice beast
  3779 | D:3      | Killed an ice beast
  3925 | D:3      | Found a glowing drain.
  4001 | Sewer    | Entered a sewer
  4009 | Sewer    | Reached XP level 6. HP: 14/63 MP: 8/11
  4387 | Sewer    | Found a white marble altar of Elyvilon.
  4669 | D:4      | Noticed Edmund
  4681 | D:4      | Killed Edmund
  5051 | D:4      | Found a staircase to the Ecumenical Temple.
  5123 | Temple   | Entered the Ecumenical Temple
  5130 | Temple   | Became a worshipper of Uskayaw the Reveller
  5193 | D:4      | Reached * piety under Uskayaw
  5198 | D:4      | Reached ** piety under Uskayaw
  5202 | D:4      | Reached skill level 1 in Necromancy
  5202 | D:4      | Reached skill level 1 in Fire Magic
  5202 | D:4      | Reached skill level 1 in Earth Magic
  5611 | D:4      | Reached XP level 7. HP: 71/71 MP: 13/13
  5938 | D:4      | Noticed Eustachio
  6239 | D:5      | Entered Level 5 of the Dungeon
  6373 | D:5      | Noticed Sigmund
  6381 | D:5      | Killed Sigmund
  6382 | D:5      | Reached skill level 5 in Conjurations
  6382 | D:5      | Reached skill level 1 in Ice Magic
  6516 | D:5      | Noticed Ijyb
  6526 | D:5      | Killed Ijyb
  7431 | D:5      | Found Votexa Voubb's Antique Weapon Shoppe.
  7440 | D:5      | Bought a glimmering morningstar for 252 gold pieces
  7440 | D:5      | Identified the +1 morningstar "Viodghiyts" {vamp, *Noise
                  | rC+ SInv} (You bought it in a shop on level 5 of the
                  | Dungeon)
  7588 | D:6      | Reached XP level 8. HP: 43/79 MP: 1/14
  7809 | D:6      | Found a shadowy altar of Dithmenos.
  7982 | D:6      | Found a stormy altar of Qazlal.
  8723 | D:6      | Found a glowing silver altar of Zin.
  8723 | D:6      | Noticed an angel
  8779 | D:6      | Noticed a wyvern
  8783 | D:6      | Reached skill level 5 in Fighting
  8784 | D:6      | Reached *** piety under Uskayaw
  8786 | D:6      | Reached **** piety under Uskayaw
  8788 | D:6      | Killed a wyvern
  8789 | D:6      | Reached skill level 5 in Spellcasting
  9616 | D:7      | Found a basalt altar of Yredelemnul.
  9716 | D:7      | Reached skill level 1 in Evocations
  9791 | D:7      | Found a flagged portal.
  9801 | Bailey   | Entered a bailey
  9867 | Bailey   | Reached XP level 9. HP: 75/88 MP: 16/16
 11431 | D:8      | Noticed a troll
 11449 | D:8      | Killed a troll
 11867 | D:8      | Learned a level 5 spell: Irradiate
 11916 | D:8      | Found a staircase to the Lair.
 12579 | D:8      | Noticed a cyclops
 12591 | D:8      | Noticed a cyclops
 12623 | D:7      | Reached skill level 1 in Transmutations
 12623 | D:7      | Reached skill level 5 in Evocations
 12882 | D:8      | Killed a cyclops
 12883 | D:8      | Reached skill level 2 in Transmutations
 12913 | D:8      | Noticed a red ugly thing
 12932 | D:8      | Killed a red ugly thing
 12933 | D:8      | Reached XP level 10. HP: 96/96 MP: 19/19
 13010 | D:8      | Killed a cyclops
 13011 | D:8      | Reached skill level 3 in Transmutations
 13101 | D:8      | Noticed a goliath frog
 13110 | D:8      | Killed a goliath frog
 13124 | D:8      | Identified the +2 chain mail "Ihatrais" {rN+ Int+9 Dex-3}
 13143 | D:8      | Identified the +8 triple sword of Famostin {vamp, Str-5
                  | Dex+3}
 13271 | D:9      | Reached skill level 4 in Transmutations
 14705 | D:9      | Found a sparkling altar of Nemelex Xobeh.
 14747 | D:9      | Reached ***** piety under Uskayaw
 15025 | D:9      | Noticed a two-headed ogre
 15059 | D:9      | Killed a two-headed ogre
 15060 | D:9      | Reached skill level 5 in Transmutations
 15383 | D:9      | Found a burning altar of Makhleb.
 15457 | D:10     | Entered Level 10 of the Dungeon
 15654 | D:10     | Noticed a two-headed ogre
 15686 | D:10     | Noticed Nergalle
 15859 | D:10     | Reached XP level 11. HP: 93/102 MP: 23/23
 15909 | D:10     | Killed Nergalle
 15910 | D:10     | Reached skill level 6 in Transmutations
 15910 | D:10     | Killed a two-headed ogre
 15911 | D:10     | Reached skill level 7 in Transmutations
 16172 | D:10     | Noticed a two-headed ogre
 16183 | D:10     | Killed a two-headed ogre
 16189 | D:10     | Noticed Psyche
 16197 | D:10     | Killed Psyche
 18010 | D:10     | Found a staircase to the Orcish Mines.
 18533 | D:11     | Noticed a cyan ugly thing
 18542 | D:11     | Killed a cyan ugly thing
 18753 | D:11     | Found a shimmering altar of Xom.
 19035 | D:11     | Found a runed translucent gate.
 19035 | D:11     | Found a runed translucent gate.
 19035 | D:11     | Noticed Pim's ghost (journeyman GnVM)
 19036 | D:11     | Found a runed translucent gate.
 19705 | D:11     | Found an iron altar of Okawaru.
 19705 | D:11     | Found a radiant altar of Vehumet.
 19707 | D:11     | Found a shimmering altar of Xom.
 19707 | D:11     | Found a shimmering blue altar of Sif Muna.
 19707 | D:11     | Found an opulent altar of Gozag.
 19994 | D:5      | Bought a steaming flail for 238 gold pieces
 19994 | D:5      | Identified the +8 flail of the Blue Skies {vorpal, *Rage
                  | +Blink Int+8 Stlth+} (You bought it in a shop on level 5 of
                  | the Dungeon)
 20085 | Lair:1   | Entered Level 1 of the Lair of Beasts
 20108 | Lair:1   | Reached skill level 8 in Transmutations
 20904 | D:8      | Reached XP level 12. HP: 113/113 MP: 25/25
 21028 | Lair:1   | Reached skill level 10 in Spellcasting
 21290 | Lair:1   | Reached skill level 9 in Transmutations
 21766 | Lair:1   | Reached skill level 10 in Transmutations
 22895 | Lair:2   | Identified the ring of Grontol {rPois rC+ Will+ Int-3
                  | Stlth+}
 23188 | Lair:2   | Learned a level 7 spell: Storm Form
 23777 | Lair:3   | Reached skill level 1 in Air Magic
 23827 | Lair:3   | Noticed an eight-headed hydra
 24179 | Lair:3   | Killed an eight-headed hydra
 24479 | Lair:3   | Reached skill level 11 in Transmutations
 24911 | Lair:3   | Found an opulent altar of Gozag.
 25203 | Lair:3   | Found a hole to the Spider Nest.
 25215 | Lair:3   | Reached XP level 13. HP: 133/133 MP: 27/27
 25306 | Lair:3   | Reached skill level 10 in Fighting
 25424 | Lair:3   | HP: 7/199 [electric eel/bolt of electricity (9)]
 25784 | Lair:3   | Found a staircase to the Swamp.
 27874 | Lair:5   | Entered Level 5 of the Lair of Beasts
 27935 | Lair:5   | Reached skill level 5 in Air Magic
 28745 | Lair:4   | Reached skill level 12 in Transmutations
 30138 | Lair:5   | Found a staircase to the Slime Pits.
 30399 | Lair:5   | Reached XP level 14. HP: 139/150 MP: 18/28
 30956 | Lair:5   | Noticed Nessos
 30999 | Lair:5   | Killed Nessos
 31532 | Lair:5   | Reached skill level 13 in Transmutations
 31839 | Lair:5   | Reached ****** piety under Uskayaw
 33388 | D:12     | Found Yzajiol's Magic Scroll Shoppe.
 33474 | D:11     | Killed Pim's ghost
 34613 | D:12     | Bought a scroll of blinking for 82 gold pieces
 34613 | D:12     | Bought 3 scrolls of fear for 132 gold pieces
 34613 | D:12     | Bought a scroll of magic mapping for 82 gold pieces
 34936 | D:12     | Reached skill level 14 in Transmutations
 36091 | D:13     | Identified the +12 dagger of the Tired Runes {venom, rCorr
                  | Str+4}
 36574 | D:13     | Found a shimmering altar of Xom.
 36642 | D:14     | Found a runed translucent gate.
 36643 | D:14     | Found a runed translucent gate.
 36643 | D:14     | Found a runed translucent gate.
 36659 | D:14     | Reached skill level 10 in Air Magic
 36659 | D:14     | Reached XP level 15. HP: 159/159 MP: 21/29
 37265 | D:14     | Found a gate to the Vaults.
 37833 | D:14     | Reached skill level 15 in Transmutations
 38310 | D:14     | Found an ancient bone altar of Kikubaaqudgha.
 38310 | D:14     | Noticed a lich
 38310 | D:14     | Noticed a lich
 38310 | D:14     | Noticed a lich
 38310 | D:14     | Noticed a lich
 38311 | D:14     | Noticed Ticzumol's ghost (journeyman DEFE)
 38320 | D:14     | Killed a lich
 38320 | D:14     | Killed a lich
 38856 | Orc:1    | Entered Level 1 of the Orcish Mines
 38893 | Orc:1    | Found Utoakh's Antique Weapon Shop.
 39189 | Orc:1    | Noticed Urug
 39196 | Orc:1    | Killed Urug
 39496 | Orc:2    | Entered Level 2 of the Orcish Mines
 39503 | Orc:2    | Reached skill level 1 in Unarmed Combat
 39568 | Orc:2    | Found a staircase to the Elven Halls.
 39642 | Orc:2    | Reached skill level 5 in Unarmed Combat
 39654 | Orc:2    | Reached XP level 16. HP: 44/169 MP: 8/30
 39987 | Orc:2    | Found Igoydaab's Jewellery Shoppe.
 39987 | Orc:2    | Found Doefoib's Assorted Antiques.
 39988 | Orc:2    | Found Leompeimm's General Store.
 39988 | Orc:2    | Found Suyvan's Distillery.
 39995 | Orc:2    | Bought the ring "Hoajuoh" {Will+ MP+9 Slay+6} for 693 gold
                  | pieces
 39999 | Orc:2    | Bought a scroll of teleportation for 45 gold pieces
 40000 | Orc:2    | Bought a potion of heal wounds for 75 gold pieces
 40000 | Orc:2    | Bought 2 potions of heal wounds for 150 gold pieces
 40000 | Orc:2    | Bought a potion of cancellation for 120 gold pieces
 40000 | Orc:2    | Bought a potion of mutation for 120 gold pieces
 40633 | Swamp:1  | Entered Level 1 of the Swamp
 40901 | Swamp:1  | You are sucked into a shaft and drop 1 floor!
 42829 | Swamp:2  | Reached skill level 10 in Unarmed Combat
 42849 | Swamp:2  | Reached skill level 1 in Invocations
 43350 | Swamp:2  | Reached skill level 5 in Invocations
 44013 | Swamp:3  | Noticed Bai Suzhen
 44027 | Swamp:3  | Killed Bai Suzhen
 44573 | Swamp:4  | Entered Level 4 of the Swamp
 44587 | Swamp:4  | Reached XP level 17. HP: 109/176 MP: 31/31
 45011 | Swamp:4  | Reached skill level 10 in Invocations
 45587 | Swamp:4  | HP: 7/178 [spriggan air mage/the air (38)]
 45588 | Swamp:4  | Mangled by a spriggan berserker

Illustrated notes

Levels and vault maps discovered:
D:1:      sevenhm_arrival_forest_fort_large_4, layout_basic
D:2:      layout_loops_ring, shapermc_ecumenical_altar_flowoftime,
          guppyfry_early_orc_mine, uniq_robin
D:3:      layout_rooms, trog_hazing_becter, portal_sewer_entry_c,
          serial_bayou_lagoon_b
D:4:      kennysheep_kobold_camp, layout_loops_cross, minmay_temple_entry_glass,
          chequers_serial_rivers_micro_a, dk_rats_in_the_wall, uniq_eustachio,
          uniq_edmund
D:5:      layout_loops_corners, serial_shops, nicolae_shop_advertising_works
          [nicolae_subvault_shop_adworks], minmay_fire_ice_demons, uniq_sigmund,
          uniq_ijyb
D:6:      layout_cave_pools, zin_angel, mainiacjoe_overflow_catch_the_wave
D:7:      layout_gridville, lemuel_zombie_altar_yredelemnul, enter_bailey_7
D:8:      minmay_blocky_corners, layout_gridville, lair_entry_dummy
D:9:      layout_rooms, lightli_temple_of_fire, lemuel_doored_altar
D:10:     layout_long_grid, david_orc_4, uniq_psyche, uniq_nergalle
D:11:     layout_stronghold, portal_ice_cave_entry_ice_simulacra,
          biasface_ghost_orc_armoury, doesnt_xom_only_xom
D:12:     layout_irregular_city, serial_shops, shop_statue, serial_undead,
          serial_undead_f, serial_undead_c, serial_undead_d, serial_undead_b,
          serial_undead_f, serial_undead_c, serial_undead_b, serial_undead_e,
          serial_undead_f, serial_undead_f
D:13:     layout_roguey, serial_glass, glass_columns_a, glass_columns_c,
          chequers_mini_garden, kennysheep_small_circle
D:14:     layout_basic, lightli_vaults_fourway_checkpoint,
          gammafunk_ghost_crypt, minmay_misc_feat_alley
Temple:   nicolae_temple_no_exploring_needed
Lair:1:   layout_hall_layers, minmay_holes, hibernation_bobbens,
          grunt_megastairs_5
Lair:2:   layout_cellular_growth
Lair:3:   layout_chaotic_city, nicolae_swamp_entry_splash_gauntlet,
          nicolae_spider_entry_orb_guardian, basic_altar,
          infiniplex_staircase_pool
Lair:4:   layout_concentric_octagons, minmay_lair_oklob_bushes
Lair:5:   evilmike_catoblepas_cave, layout_loops_ring, slime_entry_1,
          uniq_nessos
Swamp:1:  layout_basic_swamp, evilmike_swamp_ruin_house_5, swamp_pool2
Swamp:2:  nicolae_swamp_flooded_prison, layout_basic_swamp,
          evilmike_swamp_ruin_rubble_2, nicolae_swamp_little_swirl
Swamp:3:  layout_basic_swamp, evilmike_swamp_ruin_house_1, swamp_pool1,
          infiniplex_staircase_pool_2, uniq_bai_suzhen
Swamp:4:  swamp_alternative, layout_basic_swamp
Orc:1:    layout_diamond_mine, serial_shops, shop, basic_altar, uniq_urug
Orc:2:    st_orc_ogre_mass, layout_caves

Skill      XL: |  1  2  3  4  5  6  7  8  9 10 11 12 13 14 15 16 17 |
---------------+----------------------------------------------------+-----
Fighting       | 3 4 5 8 9 12 13 | 13.2
Conjurations   | 3 4 5 7 9 |  9.0
Spellcasting   | 3 4 5 6 8 9 10 | 10.2
Necromancy     | 2 |  2.0
Fire Magic     | 1 |  1.0
Earth Magic    | 1 |  1.0
Maces & Flails | 3 4 |  4.0
Ice Magic      | 2 4 |  4.0
Evocations     | 1 5 |  5.0
Transmutations | 2 5 8 11 12 14 15 | 15.1
Air Magic      | 3 6 10 12 | 12.0
Unarmed Combat | 6 10 | 10.2
Invocations    | 8 10 | 10.2
Dodging        | 2 |  2.6

Action                   |  1- 3 |  4- 6 |  7- 9 | 10-12 | 13-15 | 16-18 || total
-------------------------+-------+-------+-------+-------+-------+-------++-------
Melee: Mace              |    76 |    50 |       |       |       |       ||   126
       Punch             |     3 |     6 |     3 |     3 |     5 |    28 ||    48
       Unarmed           |     5 |    15 |       |     3 |    73 |   293 ||   389
       Dagger            |       |    37 |       |       |       |       ||    37
       Flail             |       |   202 |   273 |   342 |   394 |     1 ||  1212
 Cast: Kiss of Death     |     1 |       |     1 |     3 |       |       ||     5
       Volcanic Tap      |       |    15 |    28 |    13 |     1 |       ||    57
       Hailstorm         |       |       |    80 |    75 |   155 |     8 ||   318
       Irradiate         |       |       |       |    35 |    97 |    11 ||   143
       Storm Form        |       |       |       |       |     9 |    34 ||    43
 Abil: Blinkbolt         |       |       |       |       |       |     2 ||     2
Evoke: Wand              |       |     6 |     3 |     9 |    10 |     7 ||    35
  Use: Potion            |     1 |     2 |     5 |     4 |     1 |     4 ||    17
       Scroll            |       |     2 |     9 |    10 |     9 |     2 ||    32
 Stab: Paralysed         |       |       |     9 |    21 |    26 |    38 ||    94
       Sleeping          |       |       |       |     1 |     2 |       ||     3
       Petrified         |       |       |       |       |     2 |       ||     2
       Distracted        |       |       |       |       |     1 |       ||     1
Armor: Robe              |    23 |   104 |    47 |       |       |       ||   174
       Skin              |     7 |    13 |       |     2 |    21 |   116 ||   159
       Steam dragon scal |       |       |    97 |   144 |   242 |     1 ||   484
Dodge: Dodged            |    29 |   143 |   188 |   213 |   446 |   305 ||  1324

Table legend: (Time is in decaauts)
 A = Elapsed time spent in this place.
 B = Non-inter-level travel time spent in this place.
 C = Inter-level travel time spent in this place.
 D = Time resting spent in this place.
 E = Time spent auto-exploring this place.
 F = Levels seen in this place.
 G = Mean time per level.
                   A        B        C        D        E       F      G
               +--------+--------+--------+--------+--------+-----+--------+
         Total |  46584 |  44549 |   2035 |  24288 |  13257 |  28 | 1663.7 |
       Dungeon |  27745 |  26515 |   1230 |  14819 |   7713 |  14 | 1981.8 |
        Temple |     14 |      8 |      6 |      0 |      0 |   1 |   14.0 |
          Lair |  11162 |  10606 |    556 |   5819 |   3110 |   5 | 2232.4 |
         Swamp |   4745 |   4599 |    146 |   2430 |   1393 |   4 | 1186.2 |
  Orcish Mines |   1593 |   1498 |     95 |    419 |    742 |   2 |  796.5 |
         Sewer |    463 |    463 |      0 |    255 |    127 |   1 |  463.0 |
        Bailey |    858 |    858 |      0 |    546 |    171 |   1 |  858.0 |
               +--------+--------+--------+--------+--------+-----+--------+

Top non-repeatable levels by time:
     D:8: 4325 daAuts
    D:11: 3392 daAuts
  Lair:5: 2872 daAuts
  Lair:4: 2745 daAuts
  Lair:3: 2645 daAuts
 Swamp:2: 2340 daAuts
    D:10: 2246 daAuts
    D:12: 2215 daAuts
     D:9: 1947 daAuts
     D:2: 1905 daAuts
  Lair:1: 1730 daAuts
     D:6: 1721 daAuts
     D:5: 1567 daAuts
    D:14: 1557 daAuts
    D:13: 1546 daAuts
